 Dungeon Crawl Stone Soup version 0.28.0-49-g6dfe1f597d (webtiles) character file.

Game seed: 11588874018275298336

6533 pkoi the Martial Artist (level 10, -2/83 HPs)
             Began as a Demigod Gladiator on May 16, 2022.
             Killed by vampiric draining
             ... invoked by a vampire
              (11 damage)
             ... on level 9 of the Dungeon.
             The game lasted 00:20:31 (14619 turns).

pkoi the Martial Artist (Demigod Gladiator)        Turns: 14619, Time: 00:20:32

Health: -2/83      AC: 19    Str: 23    XL:     10   Next: 42%
Magic:  13/13      EV:  9    Int: 14    God:
Gold:   576        SH:  0    Dex: 19    Spells: 8/9 levels left

rFire   + . .      SeeInvis .     - Unarmed
rCold   . . .      Faith    .   (no shield)
rNeg    . . .      Spirit   .   p - +0 plate armour
rPois   .          Reflect  .   b - +1 helmet
rElec   +          Harm     .   q - +0 cloak
rCorr   .          Rampage  .   o - +2 pair of gloves of Gongan {rElec Will+ Str+4 Stlth-}
Will    +++..                   (no boots)
Stlth   ..........              (no amulet)
HPRegen 0.23/turn               u - ring of protection from fire
MPRegen 0.13/turn               t - ring of willpower

@: no status effects
A: high MP 1, forlorn, divine attributes
a: no special abilities


You were on level 9 of the Dungeon.
You visited 2 branches of the dungeon, and saw 10 of its levels.

You collected 576 gold pieces.

Inventory:

Hand Weapons
 d - a +1 vorpal hunting sling
 f - a +0 dagger
 l - a +2 dagger of pain
Missiles
 c - 3 throwing nets (quivered)
 h - 112 stones
Armour
 b - a +1 helmet (worn)
 o - the +2 pair of gloves of Gongan (worn) {rElec Will+ Str+4 Stlth-}
   (You found it on level 4 of the Dungeon)

   Str:       It affects your strength (+4).
   rElec:     It insulates you from electricity.
   Will:      It increases your willpower.
   Stlth:     It makes you less stealthy.
 p - a +0 plate armour (worn)
 q - a +0 cloak (worn)
Jewellery
 i - a ring of resist corrosion
 t - a ring of willpower (right hand)
 u - a ring of protection from fire (left hand)
Wands
 w - a wand of digging (4)
 x - a wand of iceblast (5)
Scrolls
 a - a scroll of holy word {unknown}
 g - a scroll of identify
 j - 2 scrolls of teleportation
 k - a scroll of magic mapping
 n - 2 scrolls of fog
Potions
 e - a potion of magic
 s - 6 potions of curing
 v - 2 potions of flight
 A - a potion of berserk rage


   Skills:
 + Level 5.7 Fighting
 - Level 1.7 Throwing
 + Level 6.4 Armour
 - Level 4.6 Dodging
 * Level 11.2 Unarmed Combat
 - Level 4.3 Evocations


You had 8 spell levels left.
You knew the following spells:

 Your Spells              Type           Power      Damage    Failure   Level
a - Apportation           Tloc           0%         N/A       99%         1

Your spell library contained the following spells:

 Spells                   Type           Power      Damage    Failure   Level
 Call Canine Familiar     Summ           0%         N/A       100%        3
 Conjure Flame            Conj/Fire      0%         6-21      100%        3
 Gell's Gravitas          Tloc           0%         N/A       100%        3
 Ignite Poison            Fire/Tmut/Pois 0%         N/A       100%        3
 Inner Flame              Hex/Fire       0%         N/A       100%        3
 Portal Projectile        Hex/Tloc       0%         N/A       100%        3
 Teleport Other           Tloc           0%         N/A       100%        3
 Cause Fear               Hex            0%         N/A       100%        4
 Leda's Liquefaction      Hex/Erth       0%         N/A       100%        4
 Sticky Flame             Conj/Fire      0%         2d3       100%        4
 Alistair's Intoxication  Tmut/Pois      0%         N/A       100%        5
 Blade Hands              Tmut           0%         N/A       100%        5
 Excruciating Wounds      Necr           0%         N/A       100%        5
 Dispersal                Tloc           0%         N/A       100%        6
 Discord                  Hex            0%         N/A       100%        8


Dungeon Overview and Level Annotations

Branches:
Dungeon (9/15)             Temple (1/1) D:7
   Lair: D:8-11         Orc: D:9-12

Shops:
D:7 (

Annotations:
D:2 Sigmund


Innate Abilities, Weirdness & Mutations

You have an increased reservoir of magic. (+10% MP)
You shall have no god before yourself.
Your divine heritage dramatically boosts your attributes as you level up.


Message History

The vampire is moderately damaged.
The vampire mumbles some strange words.
The vampire flickers and vanishes!
Deactivating autopickup; reactivate with Ctrl-A.
You hit something. Something hits you but does no damage. Something bites you!
* * * LOW HITPOINT WARNING * * *
Something draws strength from your injuries!
You miss something. Something hits you but does no damage.
Something bites you but does no damage.
You closely miss something. You hit something.
Something hits you but does no damage. Something bites you but does no damage.
You hit something. Your punch misses something.
Something draws life force from you!
* * * LOW HITPOINT WARNING * * *
You barely miss something. Something hits you but does no damage.
Something bites you but does no damage.
You hit something. Something hits you but does no damage.
Something bites you but does no damage.
You punch something! You hit something but do no damage. Something hits you.
* * * LOW HITPOINT WARNING * * *
Something bites you.
* * * LOW HITPOINT WARNING * * *
Something draws strength from your injuries!
You hit something but do no damage. Something hits you but does no damage.
Something bites you but does no damage.
You completely miss something. Something hits you.
* * * LOW HITPOINT WARNING * * *
Something bites you but does no damage.
You hit something but do no damage. Something draws life force from you!
* * * LOW HITPOINT WARNING * * *
You punch something! You closely miss something.
Something draws life force from you!
* * * LOW HITPOINT WARNING * * *
You miss something. Something hits you but does no damage.
Something bites you but does no damage.
You punch something! You completely miss something.
Something draws life force from you!
You die...

..........##########............#
.......##.#.....#.......#........
.(.....##.##.##.##.#....##....#..
.......#..#.##.##.##..........#..
.#........#..#..#..#........#P#.#
.#.....#.##.##.##.##..#....##..##
#.....##.#..#..# .#...#....#..._#
###....#.##.##.##{###.#....#....#
##...##.#)##.##@###.......'.⌠._#
#....#.....#.....#........#.P...
###..#..##########..####..#.P._#
###.........# #..#.#....##P.##
#.[........ ##......####P##.
##......... #.####.....##..
#...###... ### #.#.#..... #####
.# ###.#..... # ###...#<


There were no monsters in sight!

Vanquished Creatures
  A centaur warrior (D:9)
  2 two-headed ogres
  Maurice (D:9)
  2 trolls (D:9)
  A steam dragon (D:7)
  Duvessa (D:6)
  4 orc warriors
  2 hornet zombies (D:9)
  An ice beast (D:6)
  2 sky beasts
  A black bear (D:5)
  6 ogres
  A necrophage (D:4)
  2 centaurs
  2 phantoms (D:5)
  Blork the orc (D:6)
  A bullfrog (D:7)
  3 scorpions
  A water moccasin zombie (D:6)
  Dowan (D:6)
  11 killer bees
  3 centaur zombies
  4 hounds
  An orc priest (D:8)
  A centaur skeleton (D:7)
  4 jellies
  2 iguanas
  6 orc wizards
  2 killer bee zombies (D:7)
  3 howler monkey zombies
  4 adders
  3 shadow imps
  An adder skeleton (D:4)
  3 worms
  3 dart slugs
  18 orcs
  2 bats (D:2)
  7 endoplasms
  6 giant cockroaches
  11 goblins
  13 hobgoblins
  9 kobolds
  6 quokkas
  3 ball pythons
  5 frilled lizards
  8 rats
175 creatures vanquished.

Vanquished Creatures (others)
  6 plants
6 creatures vanquished.

Grand Total: 181 creatures vanquished

Notes
Turn   | Place    | Note
-------+----------+-------------------------------------------
     0 | D:1      | pkoi the Demigod Gladiator began the quest for the Orb.
     0 | D:1      | Reached XP level 1. HP: 17/17 MP: 3/3
   321 | D:1      | Reached skill level 3 in Unarmed Combat
   588 | D:1      | Reached XP level 2. HP: 20/24 MP: 4/4
  1854 | D:2      | Reached XP level 3. HP: 29/29 MP: 5/5
  2254 | D:2      | Noticed Sigmund
  2523 | D:2      | Reached skill level 1 in Armour
  3023 | D:3      | Reached XP level 4. HP: 33/37 MP: 6/6
  3159 | D:3      | Noticed an ogre
  3196 | D:3      | Killed an ogre
  3197 | D:3      | Reached skill level 4 in Unarmed Combat
  3197 | D:3      | Reached XP level 5. HP: 27/42 MP: 7/7
  3814 | D:3      | You fall into a shaft and drop 1 floor!
  3909 | D:4      | Noticed an ogre
  3921 | D:4      | Killed an ogre
  3922 | D:4      | Reached XP level 6. HP: 32/51 MP: 8/8
  4504 | D:4      | Reached skill level 5 in Unarmed Combat
  5069 | D:4      | Noticed an angel
  5088 | D:4      | Identified the +2 pair of gloves of Gongan {rElec Will+
                  | Str+4 Stlth-}
  5274 | D:5      | Entered Level 5 of the Dungeon
  6178 | D:5      | Reached XP level 7. HP: 56/57 MP: 9/9
  6311 | D:5      | Identified the +0 ring mail of Dyspraxia {rElec rC+++ rCorr
                  | Int-5}
  6892 | D:6      | Noticed Blork the orc
  7019 | D:5      | Reached skill level 6 in Unarmed Combat
  7405 | D:6      | Noticed Dowan
  7406 | D:6      | Noticed Duvessa
  7643 | D:5      | Reached skill level 1 in Evocations
  7661 | D:6      | Killed Duvessa
  7662 | D:6      | Reached XP level 8. HP: 45/66 MP: 10/10
  7878 | D:6      | Killed Dowan
  8302 | D:6      | Killed Blork the orc
  8303 | D:6      | Reached skill level 7 in Unarmed Combat
  8601 | D:6      | Noticed a boulder beetle
  9398 | D:6      | Reached skill level 8 in Unarmed Combat
  9678 | D:7      | Found Aruejuis's Weapon Shop.
  9694 | D:7      | Reached skill level 5 in Armour
  9739 | D:7      | Found a staircase to the Ecumenical Temple.
  9749 | Temple   | Entered the Ecumenical Temple
  9980 | D:7      | Reached XP level 9. HP: 71/71 MP: 11/11
 10684 | D:8      | Noticed a two-headed ogre
 11057 | D:8      | Killed a two-headed ogre
 11058 | D:8      | Reached skill level 9 in Unarmed Combat
 12185 | D:9      | Noticed a two-headed ogre
 12198 | D:9      | Killed a two-headed ogre
 12199 | D:9      | Reached skill level 10 in Unarmed Combat
 12446 | D:9      | Noticed Maurice
 13094 | D:9      | Killed Maurice
 13263 | D:9      | Reached XP level 10. HP: 20/80 MP: 13/13
 13761 | D:9      | Reached skill level 5 in Fighting
 14093 | D:9      | Learned a level 1 spell: Apportation
 14208 | D:9      | Noticed a centaur warrior
 14225 | D:9      | Killed a centaur warrior
 14240 | D:9      | Reached skill level 11 in Unarmed Combat
 14619 | D:9      | Killed from afar by a vampire

Illustrated notes

Levels and vault maps discovered:
D:1:      psy_arrival_dodecagon, layout_loops_cross,
          shapermc_ecumenical_altar_petra
D:2:      layout_loops_corners, basic_altar, corexii_leaking_fountain,
          uniq_sigmund
D:3:      layout_rooms, mainiacjoe_overflow_swirl
D:4:      wander_river, layout_cave_pools, nicolae_hepliaklqana_hazy_memory,
          zin_angel, lemuel_doored_altar
D:5:      corexii_shack_village, layout_basic, nicolae_ashenzari_panopticon,
          mainiacjoe_overflow_six_doors_small
D:6:      layout_rooms, minmay_small_thing, uniq_duvessa, uniq_blork_the_orc
D:7:      layout_rooms, minmay_temple_entry_glass, serial_shops,
          nicolae_diamond_shop, st_stairs_10
D:8:      layout_layer_cave
D:9:      minmay_angry_zag, layout_cave_pools,
          gammafunk_temple_overflow_forgotten, uniq_maurice
Temple:   minmay_freezing_vapour_temple

Skill      XL: |  1  2  3  4  5  6  7  8  9 10 |
---------------+-------------------------------+-----
Unarmed Combat | 3 4 5 6 8 10 11 | 11.2
Fighting       | 2 3 4 5 |  5.7
Armour         | 1 2 3 5 6 |  6.4
Dodging        | 3 4 |  4.6
Evocations     | 1 3 4 |  4.3
Throwing       | |  1.7

Action                   |  1- 3 |  4- 6 |  7- 9 | 10-12 || total
-------------------------+-------+-------+-------+-------++-------
Melee: Unarmed           |   152 |    88 |   377 |   126 ||   743
       Punch             |     6 |     2 |    27 |     5 ||    40
       Dagger            |       |     6 |       |       ||     6
 Fire: Hunting sling     |       |   130 |    37 |     2 ||   169
Evoke: Wand              |       |       |     8 |     1 ||     9
  Use: Scroll            |     7 |     5 |     6 |       ||    18
       Potion            |     1 |     1 |     1 |       ||     3
 Stab: Sleeping          |     1 |       |       |       ||     1
Armor: Leather armour    |    50 |    17 |       |       ||    67
       Plate armour      |       |    29 |   235 |   108 ||   372
Dodge: Dodged            |    84 |    53 |   165 |    48 ||   350
